 Dungeon Crawl Stone Soup version 0.28-a0-1524-ge72afd5fc6 (webtiles) character file.

Game seed: 9408594794194352737

78 psuckher the Sneak (level 4, -8/37 HPs)
             Began as a Barachi Delver on Jan 17, 2022.
             Mangled by an ice beast (13 damage)
             ... on level 6 of the Dungeon.
             The game lasted 00:03:30 (817 turns).

psuckher the Sneak (Barachi Delver)                  Turns: 817, Time: 00:03:30

Health: -8/37      AC:  3    Str: 16    XL:     4   Next: 36%
Magic:  4/4        EV: 12    Int: 10    God:
Gold:   37         SH:  0    Dex: 13    Spells: 3/3 levels left

rFire   . . .      SeeInvis .   a - +0 short sword
rCold   . . .      Faith    .   (no shield)
rNeg    . . .      Spirit   .   b - +0 leather armour
rPois   .          Reflect  .   (no helmet)
rElec   .          Harm     .   (no cloak)
rCorr   .          Rampage  .   (no gloves)
Will    .....                   (no boots)
Stlth   +++.......              (no amulet)
HPRegen 0.12/turn               (no ring)
MPRegen 0.09/turn               (no ring)

@: slow
A: amphibious, slowness 1, strong legs 1, +LOS
a: Hop


You were on level 6 of the Dungeon.
You visited 1 branch of the dungeon, and saw 3 of its levels.

You collected 37 gold pieces.

Inventory:

Hand Weapons
 a - a +0 short sword (weapon)
Armour
 b - a +0 leather armour (worn)
Wands
 g - a wand of digging (3)
Scrolls
 c - a scroll of fog
 e - a scroll of fear
 h - a scroll of identify {unknown}
Potions
 f - a potion of haste
 i - a potion of lignification {unknown}


   Skills:
 + Level 4.1 Fighting
 + Level 2.5 Short Blades
 + Level 1.1 Armour
 + Level 2.6 Dodging
 + Level 5.4 Stealth


You had 3 spell levels left.
You didn't know any spells.
Your spell library contained the following spells:

 Spells                   Type           Power      Damage    Failure   Level
 Corpse Rot               Necr/Air       0%         N/A       56%         2
 Poisonous Vapours        Pois/Air       0%         N/A       56%         2


Dungeon Overview and Level Annotations

Branches:
Dungeon (7/15)
 Temple: D:4-7

Altars:


Innate Abilities, Weirdness & Mutations

You are amphibious.
You cover ground slowly.
You can hop short distances.
You have an extended range of vision and can be seen from far away.


Message History

There is an open door here.
Found an escape hatch in the ceiling.
You open the door.
There is an open door here.
You open the door.
There is an open door here.
There is an open door here.
You open the door. You open the door.
There is an open door here.
Found a stone staircase leading down.
You open the door.
Found a stone staircase leading up.
There is an open door here.
You open the door. You open the door.
There is an open door here.
An ogre comes into view. It is wielding a +0 giant club.
Found a scroll labelled WANAIKUOFU.
Unknown command.
An ice beast comes into view.
The ice beast moves out of view.
You hit the ice beast but do no damage. The ice beast barely misses you.
You closely miss the ice beast.
The ice beast hits you but does no damage.
You barely miss the ice beast.
The ice beast hits you but does no damage.
You barely miss the ice beast. The ice beast hits you.
The ice beast freezes you!
You hit the ice beast but do no damage. The ice beast barely misses you.
You hit the ice beast.
The ice beast is lightly wounded.
The ice beast hits you. The ice beast freezes you!
* * * LOW HITPOINT WARNING * * *
You closely miss the ice beast.
The ice beast is lightly wounded.
The ice beast hits you.
* * * LOW HITPOINT WARNING * * *
The ice beast freezes you!
You die...

##...#.....#......#,,,,*,,,,,,*,,
.##'##<.##.#......#,,,,*,,,,,,*,,
.....#..##.##.....#,,,,*,,,,,,*,,
.....#......#.....#,,,,*,,,,,,*,,
.....#......#.....#,,,,*,,,,,,*,,
.....##.##.##.....#,,,,*,,,,,,***
##....#.##.#.....##,,,,***+**,,,,
#....#....'....Y#,,,,,',,,,*,,,,
#....#....#....@#,,,,,*,,,,*,,,,
#....##'###.>...#,,,,,*,,,,*,,,,
#.###...........#*******,,,*,,,,
#...'......######,,,,,**,,,*,,,,
#...#......#,,,,,,,,,,,,,,,*,,,,
#.#'#......#,,,,,,,,,,*********+
#..........#,,,,,,,,,,**,,,**,,,
#..........#,,,,,,,,,,,,,,,*,,,,
#..........#,,,,,,,,,,,,,,,**,,,


You could see an ice beast.

Vanquished Creatures
  A howler monkey (D:6)
  A bullfrog skeleton (D:6)
  An adder (D:6)
3 creatures vanquished.

Notes
Turn   | Place    | Note
-------+----------+-------------------------------------------
     0 | D:5      | psuckher the Barachi Delver began the quest for the Orb.
     0 | D:5      | Reached XP level 1. HP: 18/18 MP: 1/1
    97 | D:6      | Reached XP level 2. HP: 12/25 MP: 2/2
   251 | D:7      | Noticed a bullfrog
   309 | D:6      | Reached skill level 5 in Stealth
   309 | D:6      | Reached XP level 3. HP: 10/30 MP: 3/3
   619 | D:6      | Reached skill level 1 in Armour
   619 | D:6      | Reached XP level 4. HP: 35/37 MP: 4/4
   779 | D:6      | Noticed an ogre
   797 | D:6      | Noticed an ice beast
   817 | D:6      | Mangled by an ice beast

Illustrated notes

Levels and vault maps discovered:
D:5:      layout_rooms, minmay_temple_entry_mist, hex_medium, glass_columns_a,
          uniq_pikel
D:6:      layout_gridville, uniq_sigmund
D:7:      layout_rooms, serial_shops, nicolae_shop_bloodbath_and_beyond

Skill      XL: |  1  2  3 |
---------------+----------+-----
Stealth        | 5 |  5.4
Fighting       | 4 |  4.1
Armour         | 1 |  1.1
Short Blades   | |  2.5
Dodging        | |  2.6

Action                   |  1- 3 |  4- 6 || total
-------------------------+-------+-------++-------
Melee: Short sword       |    29 |     7 ||    36
  Use: Scroll            |     1 |       ||     1
 Stab: Sleeping          |     1 |       ||     1
Armor: Leather armour    |     5 |     2 ||     7
Dodge: Dodged            |    17 |     2 ||    19

Table legend: (Time is in decaauts)
 A = Elapsed time spent in this place.
 B = Non-inter-level travel time spent in this place.
 C = Inter-level travel time spent in this place.
 D = Time resting spent in this place.
 E = Time spent auto-exploring this place.
 F = Levels seen in this place.
 G = Mean time per level.
                   A        B        C        D        E       F      G
               +--------+--------+--------+--------+--------+-----+--------+
         Total |    966 |    806 |    160 |      0 |      0 |   3 |  322.0 |
       Dungeon |    966 |    806 |    160 |      0 |      0 |   3 |  322.0 |
               +--------+--------+--------+--------+--------+-----+--------+

Top non-repeatable levels by time:
     D:6: 876 daAuts
     D:5: 88 daAuts
     D:7: 1 daAuts
